 Dungeon Crawl Stone Soup version 0.30-a0-170-g85af917532 (webtiles) character file.

Game seed: 16769358954532620383

54646 tbh1313 the Severer (level 14, -11/121 HPs)
             Began as a Minotaur Berserker on Sept 30, 2022.
             Was a High Priest of Trog.
             Mangled by a titanic slime creature (88 damage)
             ... on level 12 of the Dungeon.
             The game lasted 00:40:31 (21527 turns).

tbh1313 the Severer (Minotaur Berserker)           Turns: 21527, Time: 00:40:31

Health: -11/121    AC: 22    Str: 23    XL:     14   Next: 35%
Magic:  13/13      EV: 15    Int: 18    God:    Trog [*****.]
Gold:   1794       SH:  0    Dex: 10    Spells: 13/13 levels left

rFire   . . .      SeeInvis .    b - +5 executioner's axe (freeze)
rCold   . . .      Faith    .    (shield currently unavailable)
rNeg    . . .      Spirit   .    G - +4 chain mail {Will+}
rPois   +          Reflect  .    (helmet restricted)
rElec   .          Harm     .    Z - +2 cloak
rCorr   .          Rampage  .    d - +0 pair of gloves
Will    ++...                    E - +1 pair of boots
Stlth   ..........               o - amulet of the acrobat
HPRegen 0.30/turn                U - ring of Miracles {rPois Int+7 Slay+5 Stlth-}
MPRegen 0.13/turn                Q - ring of Autumn {EV+4 Int+3}

@: no status effects
A: horns 2, retaliatory headbutt
a: Renounce Religion, Berserk, Trog's Hand, Brothers in Arms


You were on level 12 of the Dungeon.
You worshipped Trog.
Trog was extremely pleased with you.
You visited 3 branches of the dungeon, and saw 18 of its levels.

You collected 1794 gold pieces.

Inventory:

Hand Weapons
 a - a +7 war axe of flaming
 b - a +5 executioner's axe of freezing (weapon)
 K - a +1 antimagic battleaxe
 O - a +2 arbalest of flaming
Missiles
 y - 14 curare-tipped darts (quivered)
 J - 20 poisoned darts
 N - 2 throwing nets
Armour
 d - a +0 pair of gloves (worn)
 E - a +1 pair of boots (worn)
 G - a +4 chain mail of willpower (worn)
 Z - a +2 cloak (worn)
Jewellery
 o - an amulet of the acrobat (around neck)
 s - a ring of ice
 D - a ring of willpower
 Q - the ring of Autumn (right hand) {EV+4 Int+3}
   (You found it on level 1 of the Lair of Beasts)

   [ring of evasion]

   EV:        It affects your evasion (+4).
   Int:       It affects your intelligence (+3).
 U - the ring of Miracles (left hand) {rPois Int+7 Slay+5 Stlth-}
   (You found it on level 2 of the Lair of Beasts)

   [ring of poison resistance]

   Int:       It affects your intelligence (+7).
   Slay:      It affects your accuracy & damage with ranged weapons and melee
   (+5).
   rPois:     It protects you from poison.
   Stlth:     It makes you less stealthy.
Wands
 r - a wand of polymorph (7)
 C - a wand of mindburst (18)
 L - a wand of paralysis (19)
 M - a wand of acid (6)
 R - a wand of flame (17)
 T - a wand of digging (7)
Scrolls
 c - 4 scrolls of amnesia
 e - 5 scrolls of blinking
 g - 5 scrolls of noise
 h - 5 scrolls of enchant armour
 i - 3 scrolls of fog
 j - 6 scrolls of poison
 m - 3 scrolls of immolation
 p - 7 scrolls of teleportation
 u - 2 scrolls of torment
 v - a scroll of silence
 F - 5 scrolls of fear
 W - a scroll of vulnerability
 X - a scroll of magic mapping
 Y - a scroll of summoning {unknown}
Potions
 f - 2 potions of lignification
 k - 2 potions of resistance
 l - 10 potions of mutation
 n - 3 potions of degeneration
 q - 4 potions of haste
 t - 5 potions of brilliance
 w - 9 potions of curing
 x - a potion of ambrosia
 z - 4 potions of heal wounds
 A - 5 potions of attraction
 H - 2 potions of might {unknown}
 I - a potion of berserk rage {unknown}
 S - a potion of magic
 V - 2 potions of invisibility {unknown}
Miscellaneous
 B - a phantom mirror
 P - a condenser vane


   Skills:
 - Level 10.0 Fighting
 + Level 20.8 Axes
 - Level 5.0 Throwing
 - Level 10.0 Armour
 - Level 10.0 Dodging
 - Level 10.0 Evocations


You had 13 spell levels left.
You didn't know any spells.
Your spell library contained the following spells:

 Spells                   Type           Power      Damage    Failure   Level
 Apportation              Tloc           0%         N/A       77%         1
 Necrotise                Necr           0%         1d4       77%         1
 Sting                    Tmut/Pois      0%         1d3       77%         1
 Summon Small Mammal      Summ           0%         N/A       77%         1
 Poisonous Vapours        Pois/Air       0%         N/A       88%         2
 Kindle Blastsparks       Fire/Tloc/Air  0%         2d10      98%         3
 Ozocubu's Armour         Ice            0%         N/A       98%         3
 Tukima's Dance           Hex            0%         N/A       98%         3
 Fulminant Prism          Conj/Hex       0%         3d6       100%        4
 Iskenderun's Mystic Bla  Conj/Tloc      0%         2d3       100%        4
 Olgreb's Toxic Radiance  Pois           0%         N/A       100%        4
 Passage of Golubria      Tloc           0%         N/A       100%        4
 Lee's Rapid Deconstruct  Erth           0%         3d5*      100%        5
 Yara's Violent Unravell  Hex/Tmut       0%         3d3       100%        5
 Ozocubu's Refrigeration  Ice            0%         4d7       100%        7


Dungeon Overview and Level Annotations

Branches:
Dungeon (12/15)            Temple (0/1) D:4            Lair (5/5) D:10
 Shoals (0/4) Lair:3       Spider (0/4) Lair:2        Slime (0/5) Lair:4
    Orc (1/2) D:10

Altars:
Dithmenos
Elyvilon
Fedhas
Gozag
Kikubaaqudgha
Nemelex Xobeh
Okawaru
Qazlal
Ru
Sif Muna
Trog
Uskayaw
Vehumet
Xom
Yredelemnul
The Shining One

Shops:
D:10 (

Annotations:
Lair:1 3 runed translucent doors, Lutem's ghost, journeyman MiFi


Innate Abilities, Weirdness & Mutations

You have a pair of horns on your head.
You reflexively headbutt those who attack you in melee.


Message History

A slime creature comes into view.
The slime creature quivers.
A slime creature comes into view.
The slime creature quivers.
The slime creature completely misses you.
You furiously retaliate!
You headbutt the slime creature. You slash the slime creature!
You freeze the slime creature.
The slime creature is moderately wounded.
A slime creature comes into view.
Two slime creatures merge to form a large slime creature.
Two slime creatures merge to form a very large slime creature.
A slime creature comes into view.
The slime creature quivers.
You slice the very large slime creature!!
You freeze the very large slime creature.
Your headbutt misses the very large slime creature.
The very large slime creature is moderately wounded.
Two slime creatures merge to form an enormous slime creature.
A slime creature comes into view.
You slash the enormous slime creature! You freeze the enormous slime creature.
You headbutt the enormous slime creature.
The enormous slime creature is moderately wounded.
Two slime creatures merge to form a titanic slime creature.
You barely miss the titanic slime creature.
The titanic slime creature is moderately wounded.
You barely miss the titanic slime creature.
The titanic slime creature is moderately wounded.
You slice the titanic slime creature!! You freeze the titanic slime creature!
You headbutt the titanic slime creature!
The titanic slime creature is moderately wounded.
The titanic slime creature hits you!!!
You slice the titanic slime creature!! You freeze the titanic slime creature.
The titanic slime creature is heavily wounded.
The titanic slime creature misses you. You furiously retaliate!
You headbutt the titanic slime creature!
You slice the titanic slime creature!! You freeze the titanic slime creature!
The titanic slime creature is heavily wounded.
The titanic slime creature hits you!!!!
Ouch! That really hurt!
You die...

........
##########......# #
#.......##......# #.
+.......#.......# #<.
#.......#.......# ###..
#.......#........
......##.......#........
.....JJ@.......#........
......##+#####.##.##...#
..... #.##.###### ....
#.........# ...
#.........# ..
#.......... #
#######...# ##
###...###...# #..
#......#....#


You could see a titanic slime creature and a slime creature.

Levels and vault maps discovered:
D:1:      roderic_dead_forest, layout_basic, hellmonk_ecumenical_altar_run_dry,
          st_stairs_12
D:2:      layout_basic, basic_altar, supply_closet_lemuel
D:3:      minmay_recursive_quarters, layout_loops_ring,
          mainiacjoe_overflow_boulevard, kennysheep_okawaru_gauntlet,
          overflow_temple_1_default, lemuel_crystal_altar, saegor_snake_ambush
D:4:      layout_basic, mainiacjoe_overflow_alcove_4,
          mainiacjoe_overflow_surrounded_room, lemuel_crystal_altar,
          minmay_temple_entry_nine_rooms, minmay_misc_feat_enclosed,
          nicolae_wormholes
D:5:      layout_basic, amcnicky_mini_rare_corridor_liquid, uniq_blork_the_orc,
          uniq_pikel
D:6:      dreamdust_elfheim, layout_loops_ring
D:7:      layout_loops_ring, grunt_gozag_statues,
          nicolae_kikubaaqudgha_miasma_corner, kennysheep_mini_moat
D:8:      layout_gridville, chequers_temple_overflow_statue_of_worship,
          lemuel_tele_altar, nicolae_vehumet_altar_sigil, uniq_erica
D:9:      layout_roguey [special_room_orc], lightli_temple_of_fire
D:10:     layout_stronghold, kennysheep_mini, david_lair_shrubbed, orc_david_3
D:11:     layout_roguey, serial_glass, glass_columns_a, glass_columns_a,
          ebering_ghost_disaster_area
D:12:     layout_gridville, minmay_shattered_shrine, uniq_snorg
Lair:1:   layout_regular_city, gammafunk_ghost_split,
          nicolae_quartered_pool_little, beast_lair_carwin_2, uniq_nergalle,
          uniq_fannar
Lair:2:   layout_roguey, spider_nest_entry_a, hangedman_lair_generics_rect,
          infiniplex_staircase_pool_2, serial_bayou_shore_a
Lair:3:   layout_gridlike, minmay_shoals_entry_hut, ice2_lemuel,
          grunt_megastairs_1
Lair:4:   layout_gridlike, slime_entry_1
Lair:5:   hangedman_lair_tendril_chambers, layout_regular_city,
          guppyfry_lair_end_dragon
Orc:1:    layout_diamond_mine, nicolae_orc_lava_room

Notes
Turn   | Place    | Note
-------+----------+-------------------------------------------
     0 | D:1      | tbh1313 the Minotaur Berserker began the quest for the Orb.
     0 | D:1      | Reached XP level 1. HP: 19/19 MP: 0/0
    34 | D:1      | Found a faded altar of an unknown god.
    39 | D:1      | Reached skill level 4 in Axes
    72 | D:1      | Reached XP level 2. HP: 26/26 MP: 1/1
   168 | D:1      | Reached skill level 1 in Evocations
   675 | D:1      | Reached XP level 3. HP: 31/31 MP: 2/2
   777 | D:2      | Reached ** piety under Trog
   858 | D:2      | Found a glowing golden altar of the Shining One.
   871 | D:2      | Reached skill level 5 in Axes
  1027 | D:2      | Reached XP level 4. HP: 39/39 MP: 3/3
  1608 | D:3      | Found a white marble altar of Elyvilon.
  1684 | D:3      | Found a blossoming altar of Fedhas.
  1933 | D:3      | Reached *** piety under Trog
  1948 | D:3      | Reached XP level 5. HP: 44/45 MP: 4/4
  2230 | D:3      | Found a basalt altar of Yredelemnul.
  2247 | D:3      | Found an iron altar of Okawaru.
  2453 | D:4      | Noticed a phantom
  2458 | D:4      | Reached skill level 6 in Axes
  2462 | D:4      | Killed a phantom
  2463 | D:4      | Reached XP level 6. HP: 51/51 MP: 5/5
  2777 | D:4      | Found a stormy altar of Qazlal.
  2784 | D:4      | Reached skill level 7 in Axes
  2795 | D:4      | Found a glowing golden altar of the Shining One.
  3075 | D:4      | Reached **** piety under Trog
  3081 | D:4      | Reached XP level 7. HP: 55/57 MP: 6/6
  3313 | D:4      | Found a staircase to the Ecumenical Temple.
  3518 | D:4      | Found a shadowy altar of Dithmenos.
  3657 | D:5      | Entered Level 5 of the Dungeon
  3702 | D:5      | Reached skill level 8 in Axes
  3702 | D:5      | Reached skill level 5 in Evocations
  3729 | D:5      | Noticed Blork the orc
  3732 | D:5      | Killed Blork the orc
  3733 | D:5      | Reached skill level 9 in Axes
  3825 | D:5      | Reached XP level 8. HP: 64/64 MP: 7/7
  3830 | D:5      | Noticed Pikel
  3843 | D:5      | Killed Pikel
  3844 | D:5      | Reached skill level 11 in Axes
  4467 | D:5      | Reached skill level 12 in Axes
  5071 | D:6      | Reached XP level 9. HP: 31/70 MP: 8/8
  5278 | D:6      | Reached skill level 13 in Axes
  5799 | D:6      | Reached skill level 14 in Axes
  6667 | D:7      | Reached skill level 15 in Axes
  6667 | D:7      | Reached ***** piety under Trog
  7041 | D:7      | Found an opulent altar of Gozag.
  7069 | D:7      | Reached XP level 10. HP: 35/77 MP: 9/9
  7266 | D:7      | Reached skill level 16 in Axes
  7590 | D:7      | Reached skill level 5 in Fighting
  7790 | D:7      | Found a sacrificial altar of Ru.
  7836 | D:7      | Found an ancient bone altar of Kikubaaqudgha.
  8297 | D:8      | Found a radiant altar of Vehumet.
  8426 | D:8      | Found a sparkling altar of Nemelex Xobeh.
  8470 | D:8      | Found a shimmering blue altar of Sif Muna.
  8470 | D:8      | Found a hide-covered altar of Uskayaw.
  8486 | D:8      | Noticed Erica
  8500 | D:8      | Killed Erica
  9560 | D:9      | Identified the +1 falchion of Akevoe {venom, *Corrode rElec
                  | rPois Int-2}
  9569 | D:9      | You fall into a shaft and drop 1 floor!
  9569 | D:10     | Entered Level 10 of the Dungeon
  9907 | D:10     | Reached XP level 11. HP: 83/95 MP: 10/10
 10256 | D:9      | Noticed a two-headed ogre
 10261 | D:9      | Killed a two-headed ogre
 10357 | D:9      | Found a bloodstained altar of Trog.
 10618 | D:9      | Reached skill level 10 in Fighting
 10625 | D:9      | Reached skill level 1 in Throwing
 11273 | D:9      | Received a gift from Trog
 11697 | D:10     | Found Apniax's Weapon Emporium.
 11699 | D:10     | Found a staircase to the Orcish Mines.
 11699 | D:10     | Noticed an orc knight
 11715 | D:10     | Killed an orc knight
 11879 | D:10     | Found a staircase to the Lair.
 12299 | D:10     | Found a shimmering altar of Xom.
 12439 | Orc:1    | Entered Level 1 of the Orcish Mines
 12441 | Orc:1    | Noticed an orc knight
 12451 | Orc:1    | Killed an orc knight
 12513 | Orc:1    | Noticed a two-headed ogre
 12522 | Orc:1    | Killed a two-headed ogre
 12529 | Orc:1    | Reached skill level 5 in Throwing
 12604 | Orc:1    | Noticed an orc sorcerer
 12608 | Orc:1    | Killed an orc sorcerer
 12609 | Orc:1    | Reached skill level 10 in Evocations
 12762 | Orc:1    | Noticed a two-headed ogre
 12775 | Orc:1    | Reached XP level 12. HP: 74/106 MP: 11/11
 12778 | Orc:1    | Killed a two-headed ogre
 12779 | Orc:1    | Reached skill level 5 in Armour
 12781 | Orc:1    | Received a gift from Trog
 13173 | Lair:1   | Entered Level 1 of the Lair of Beasts
 13178 | Lair:1   | Noticed Fannar
 13200 | Lair:1   | Killed Fannar
 13615 | Lair:1   | Identified the ring of Autumn {EV+4 Int+3}
 13621 | Lair:1   | Noticed Lutem's ghost (journeyman MiFi)
 13634 | Lair:1   | Noticed Nergalle
 13635 | Lair:1   | Found a runed translucent gate.
 13636 | Lair:1   | Found a runed translucent gate.
 13637 | Lair:1   | Found a runed translucent gate.
 13644 | Lair:1   | Killed Nergalle
 14029 | Lair:1   | Reached skill level 10 in Armour
 14877 | Lair:2   | Found a hole to the Spider Nest.
 15249 | Lair:2   | Reached skill level 17 in Axes
 15524 | Lair:2   | Identified the ring of Miracles {rPois Int+7 Slay+5 Stlth-}
 15815 | Lair:3   | Received a gift from Trog
 16279 | Lair:3   | Noticed a death yak
 16279 | Lair:3   | Noticed a death yak
 16281 | Lair:3   | Noticed a death yak
 16282 | Lair:3   | Noticed a death yak
 16284 | Lair:3   | Noticed a death yak
 16294 | Lair:3   | Killed a death yak
 16294 | Lair:3   | Killed a death yak
 16295 | Lair:3   | Reached skill level 18 in Axes
 16295 | Lair:3   | Reached XP level 13. HP: 70/113 MP: 12/12
 16562 | Lair:3   | Reached skill level 19 in Axes
 16998 | Lair:3   | Found a staircase to the Shoals.
 17193 | Lair:4   | Found a staircase to the Slime Pits.
 17218 | Lair:4   | Reached skill level 5 in Dodging
 17981 | Lair:5   | Entered Level 5 of the Lair of Beasts
 18220 | Lair:5   | Noticed a fire dragon
 18240 | Lair:5   | Killed a fire dragon
 19178 | D:11     | Found a large runed translucent door.
 19178 | D:11     | Found a large runed translucent door.
 19207 | D:11     | Noticed pigah's ghost (journeyman OpAE)
 19218 | D:11     | Killed pigah's ghost
 19278 | D:12     | Noticed Snorg
 19291 | D:12     | Killed Snorg
 20096 | Lair:5   | Reached XP level 14. HP: 120/121 MP: 13/13
 20449 | Lair:5   | Reached skill level 10 in Dodging
 20531 | Lair:5   | Reached skill level 20 in Axes
 20779 | Lair:5   | Received a gift from Trog
 21527 | D:12     | Mangled by a titanic slime creature

Table legend: (Time is in decaauts)
 A = Elapsed time spent in this place.
 B = Non-inter-level travel time spent in this place.
 C = Inter-level travel time spent in this place.
 D = Time resting spent in this place.
 E = Time spent auto-exploring this place.
 F = Levels seen in this place.
 G = Mean time per level.
                   A        B        C        D        E       F      G
               +--------+--------+--------+--------+--------+-----+--------+
         Total |  21457 |  19886 |   1571 |   4725 |  12520 |  18 | 1192.1 |
       Dungeon |  13699 |  12530 |   1169 |   2737 |   8141 |  12 | 1141.6 |
          Lair |   7079 |   6685 |    394 |   1829 |   3998 |   5 | 1415.8 |
  Orcish Mines |    678 |    671 |      7 |    159 |    380 |   1 |  678.0 |
               +--------+--------+--------+--------+--------+-----+--------+

Top non-repeatable levels by time:
  Lair:5: 2087 daAuts
     D:7: 1732 daAuts
     D:5: 1711 daAuts
  Lair:1: 1458 daAuts
    D:10: 1351 daAuts
  Lair:2: 1323 daAuts
     D:8: 1321 daAuts
  Lair:3: 1313 daAuts
     D:9: 1267 daAuts
     D:6: 1266 daAuts
     D:4: 1191 daAuts
     D:3: 993 daAuts
    D:11: 972 daAuts
     D:2: 941 daAuts
  Lair:4: 897 daAuts

Table legend:
 A = Kills in this place as a percentage of kills in entire the game.
 B = Kills by you in this place as a percentage of kills by you in the entire game.
 C = Kills by friends in this place as a percentage of kills by friends in the entire game.
 D = Other kills in this place as a percentage of other kills in the entire game.
 E = Experience gained in this place as a percentage of experience gained in the entire game.
 F = Experience gained in this place divided by the number of levels of this place that you have seen.
                   A       B       C       D       E      F
               +-------+-------+-------+-------+-------+----------------------
         Total | 100.0 | 100.0 | 100.0 |   N/A | 100.0 | 4337.0
       Dungeon |  61.6 |  63.1 |   0.0 |   N/A |  33.9 | 2206.9
          Lair |  29.3 |  29.0 |  46.2 |   N/A |  58.5 | 9139.8
  Orcish Mines |   9.0 |   8.0 |  53.8 |   N/A |   7.5 | 5884.0
               +-------+-------+-------+-------+-------+----------------------

Action                   |  1- 3 |  4- 6 |  7- 9 | 10-12 | 13-15 || total
-------------------------+-------+-------+-------+-------+-------++-------
Melee: Hand axe          |    73 |    28 |       |       |       ||   101
       Headbutt          |    11 |    20 |    18 |    70 |    56 ||   175
       War axe           |       |    90 |   175 |   502 |   121 ||   888
       Punch             |       |       |     1 |     4 |       ||     5
       Executioner's axe |       |       |       |       |   169 ||   169
Throw: Throwing net      |       |       |       |     4 |       ||     4
       Dart              |       |       |       |     4 |     7 ||    11
Invok: Trog's Hand       |       |     2 |     2 |     6 |     2 ||    12
       Berserk           |       |     1 |     1 |     1 |       ||     3
       Brothers in Arms  |       |       |       |     2 |     1 ||     3
 Abil: Evoke Invisibilit |       |       |     1 |       |     1 ||     2
Evoke: Wand              |       |       |     2 |       |       ||     2
  Use: Scroll            |       |     3 |     8 |    16 |     4 ||    31
       Potion            |       |       |       |       |     4 ||     4
 Stab: Invisible         |       |       |     4 |       |     4 ||     8
       Held in net/web   |       |       |       |     1 |       ||     1
Armor: Animal skin       |     6 |       |       |       |       ||     6
       Ring mail         |    15 |    29 |    22 |       |       ||    66
       Chain mail        |       |       |    10 |   145 |    99 ||   254
Dodge: Dodged            |    42 |    98 |    95 |   237 |   232 ||   704

Vanquished Creatures
  A fire dragon (Lair:5)
  Snorg (D:12)
  Fannar (Lair:1)
  A hydra (Lair:5)
  Erica (D:8)
  3 two-headed ogres
  The ghost of pigah the Zephyrmancer, a journeyman OpAE of Gozag (D:11)
  2 boulder beetles
  3 death yaks (Lair:3)
  Nergalle (Lair:1)
  Pikel (D:5)
  An orc knight (D:10)
  An orc sorcerer (Orc:1)
  2 wolf spiders (Lair:5)
  An ugly thing (D:12)
  4 cyclopes
  A guardian serpent (Lair:5)
  9 black mambas
  An ice statue (Lair:3)
  A torpor snail (Lair:5)
  13 cane toads
  7 rime drakes
  12 komodo dragons
  An unseen horror (D:11)
  2 kobold demonologists (D:9)
  An ice devil (Lair:3)
  A troll (Orc:1)
  3 hornets
  A polar bear (Lair:3)
  5 slime creatures (D:12)
  A dream sheep (Lair:2)
  2 jumping spiders (Lair:2)
  2 blink frogs (Lair:2)
  A snapping turtle (Lair:3)
  36 yaks
  3 wraiths
  19 wyverns
  4 steam dragons
  A vampire mosquito (D:12)
  4 redbacks
  2 wargs (Orc:1)
  3 acid dragons
  26 water moccasins
  3 swamp drakes
  12 ice beasts
  A sky beast (D:6)
  15 orc warriors
  A black bear (D:8)
  7 ogres
  7 wolves
  7 centaurs
  2 phantoms (D:4)
  5 kobold brigands
  Blork the orc (D:5)
  11 bullfrogs
  2 necrophages
  3 scorpions
  8 wights (D:9)
  28 killer bees
  5 howler monkeys
  2 electric eels (Lair:2)
  A lava snake (Lair:3)
  A hound (D:5)
  2 gnoll boudas
  12 orc priests
  6 iguanas
  15 orc wizards
  18 gnolls
  10 adders
  6 white imps
  An ufetubus (D:7)
  8 worms
  76 orcs
  10 ball pythons
  7 endoplasms
  5 giant cockroaches
  11 goblins
  9 hobgoblins
  6 jackals
  4 quokkas
  6 bats
  4 frilled lizards
  31 kobolds
  7 rats
563 creatures vanquished.

Vanquished Creatures (collateral kills)
  2 death yaks (Lair:3)
  A swamp dragon (Lair:5)
  An orc knight (Orc:1)
  2 komodo dragons
  A water moccasin (Lair:3)
  3 orc warriors (Orc:1)
  An ogre (Orc:1)
  2 orc wizards (Orc:1)
13 creatures vanquished.

Vanquished Creatures (others)
  27 fungi
  44 plants
71 creatures vanquished.

Grand Total: 647 creatures vanquished
